 Dungeon Crawl Stone Soup version 0.30-a0-728-gc68057be0a (webtiles) character file.

Game seed: 153450389819334610

322 Beavis the Magician (level 6, -3/47 HPs)
             Began as a Djinni Conjurer on Jan 31, 2023.
             Killed from afar by Dowan (7 damage)
             ... with a bolt of dispelling energy
             ... on level 4 of the Dungeon.
             The game lasted 00:05:43 (3103 turns).

Beavis the Magician (Djinni Conjurer)               Turns: 3103, Time: 00:05:44

Health: -3/47      AC:  6    Str:  6    XL:     6   Next: 76%
Gold:   95         EV: 12    Int: 21    God:
                   SH:  0    Dex: 15

rFire   + + .      SeeInvis .    (no weapon)
rCold   x . .      Faith    .    (no shield)
rNeg    . . .      Spirit   .    j - +3 leather armour of Qaehuoro {Will+ Dex+3}
rPois   ∞          Reflect  .    (no helmet)
rElec   .          Harm     .    (no cloak)
rCorr   +          Rampage  .    (no gloves)
Will    +....                    (boots unavailable)
Stlth   ++                       (no amulet)
HPRegen 0.27/turn                i - ring of resist corrosion
MPRegen 0.00/turn                (no ring)

@: flying
A: sickness immunity, fire resistance 2, cold vulnerability 1, float, innate
caster, HP casting, extra vitality 1
a: no special abilities


You were on level 4 of the Dungeon.
You visited 1 branch of the dungeon, and saw 4 of its levels.

You collected 95 gold pieces.

Inventory:

Hand Weapons
 g - a +0 short sword of venom
Armour
 j - the +3 leather armour of Qaehuoro (worn) {Will+ Dex+3}
   (You found it on level 2 of the Dungeon)

   Dex:       It affects your dexterity (+3).
   Will:      It increases your willpower.
Jewellery
 i - a ring of resist corrosion (left hand)
Wands
 f - a wand of polymorph (4) (quivered)
 l - a wand of flame (17)
Scrolls
 k - 2 scrolls of teleportation
Potions
 a - 4 potions of curing
 b - a potion of berserk rage
 d - a potion of brilliance
 e - a potion of lignification


   Skills:
 * Level 3.8 Fighting
 + Level 3.7 Dodging
 - Level 1.5 Stealth
 * Level 4.5 Spellcasting


You couldn't memorise any spells.
You knew the following spells:

 Your Spells              Type           Power      Damage    Failure   Level
a - Searing Ray           Conj           46%        2d6       4%          2
b - Fulminant Prism       Conj/Hex       11%        3d9       28%         4
c - Iskenderun's Mystic   Conj/Tloc      23%        2d6       28%         4
d - Dazzling Flash        Conj/Hex       46%        N/A       9%          3
e - Magic Dart            Conj           92%        1d7       2%          1
f - Shock                 Conj/Air       92%        1d8       2%          1
g - Poisonous Vapours     Pois/Air       46%        N/A       4%          2
Your spell library was empty.

Dungeon Overview and Level Annotations

Branches:
Dungeon (4/15)
 Temple: D:4-7

Altars:
Elyvilon
Trog
The Shining One

Annotations:
D:4 Dowan, Robin


Innate Abilities, Weirdness & Mutations

You are immune to sickness and miasma.
You are immune to poison.
Your flesh is very heat resistant. (rF++)
You are vulnerable to cold. (rC-)
You float through the air rather than walking.
You learn spells naturally, not from books.
Your magical power is your life essence.
You have superior vitality. (+4 MHP)


Message History

You kill Duvessa!
You hear a distant wail of despair.
You finish channelling your searing ray.
Your magical contamination has completely faded away.
a - 4 potions of curing (gained 1)
Things that are here:
a +0 short sword; a +0 leather armour Dowan shouts!
Dowan seems to find hidden reserves of power!
You hear an angry hiss.
Dowan casts a spell at you. The shard of ice hits you!
You feel a painful chill! Dowan casts a spell at you.
The shard of ice hits you!!
You feel a painful chill!
* * * LOW HITPOINT WARNING * * *
Dowan is nearby!
Dowan is nearby!
Casting: Searing Ray (safe; 4% risk of failure)
Confirm with . or Enter, or press ? or * to list all spells.
Aiming: Searing Ray (safe; 4% risk of failure)
Press: ? - help, Shift-Dir - straight line, f - Dowan
Aim: Dowan, wielding a +0 dagger, wearing a +0 robe and carrying a wand of quicksilver (5) (fast, 69% to hit)
The searing ray hits Dowan!
Dowan is heavily wounded. (Press . to maintain the ray.)
* * * LOW HITPOINT WARNING * * *
The searing ray misses Dowan.
* * * LOW HITPOINT WARNING * * *
The searing ray hits Dowan.
Dowan is heavily wounded.
* * * LOW HITPOINT WARNING * * *
Dowan hits you with a +0 dagger.
* * * LOW HITPOINT WARNING * * *
Dowan hits you with a +0 dagger.
* * * LOW HITPOINT WARNING * * *
The searing ray misses Dowan.
* * * LOW HITPOINT WARNING * * *
You finish channelling your searing ray.
Dowan zaps a wand.
The bolt of dispelling energy hits you!
You die...

### #...... ..#
#...... #.# #......
#.# #..))..
#.###########......
#.#................
#
#...#########......
#.#.#....# #######
#....@..#
......#e##.#
...#.##.# .# .. #.
#.# .# . ..# ## #
... #.## ..


You could see Dowan (fast).

Vanquished Creatures
  Grinder (D:3)
  4 adders
  4 worms
  An orc (D:4)
  A ball python (D:2)
  6 endoplasms
  2 giant cockroaches (D:3)
  11 goblins
  8 hobgoblins
  7 jackals (D:3)
  2 quokkas (D:2)
  6 bats
  8 frilled lizards
  5 kobolds
  4 rats
70 creatures vanquished.

Vanquished Creatures (others)
  2 fulminant prisms (D:4)
2 creatures vanquished.

Grand Total: 72 creatures vanquished

Notes
Turn   | Place    | Note
-------+----------+-------------------------------------------
     0 | D:1      | Beavis the Djinni Conjurer began the quest for the Orb.
     0 | D:1      | Beavis set off with the following spells memorised: Magic
                  | Dart, Searing Ray, Dazzling Flash, Fulminant Prism,
                  | Iskenderun's Mystic Blast.
     0 | D:1      | Reached XP level 1. HP: 15/15 MP: 0/0
    82 | D:1      | Reached XP level 2. HP: 21/22 MP: 0/0
   243 | D:1      | Reached skill level 1 in Fighting
   789 | D:2      | Reached XP level 3. HP: 20/27 MP: 0/0
   789 | D:2      | Learned a level 1 spell: Shock
   792 | D:2      | Identified the +3 leather armour of Qaehuoro {Will+ Dex+3}
  1061 | D:2      | Reached XP level 4. HP: 30/33 MP: 0/0
  2013 | D:3      | Noticed Grinder
  2021 | D:3      | Paralysed by Grinder for 5 turns
  2034 | D:3      | Killed Grinder
  2035 | D:3      | Reached skill level 4 in Spellcasting
  2035 | D:3      | Reached XP level 5. HP: 10/40 MP: 0/0
  2035 | D:3      | Learned a level 2 spell: Poisonous Vapours
  2035 | D:3      | Reached XP level 6. HP: 11/46 MP: 0/0
  2342 | D:3      | Found a white marble altar of Elyvilon.
  2357 | D:3      | Found a glowing golden altar of the Shining One.
  2361 | D:3      | Found a bloodstained altar of Trog.
  2820 | D:4      | Noticed Robin
  2970 | D:4      | Noticed Duvessa
  2970 | D:4      | Noticed Dowan
  2996 | D:4      | Duvessa changed into Duvessa the worm
  2996 | D:4      | Noticed Duvessa
  2999 | D:4      | Killed Duvessa the worm
  3103 | D:4      | Killed from afar by Dowan

Illustrated notes

Levels and vault maps discovered:
D:1:      scummos_arrival_checkerplants, layout_basic, kennysheep_pointless_box
D:2:      layout_loops_ring, hangedman_decor_lopped, kennysheep_generic_room_16
D:3:      cheibrodos_helix_gallery, layout_rooms, grunt_temple_overflow_diamond,
          roderic_st_hans_cross, uniq_grinder
D:4:      layout_basic, minmay_misc_feat_alley, minmay_misc_feat_roman,
          uniq_pikel, uniq_ijyb, uniq_duvessa, uniq_robin

Skill      XL: |  1  2  3  4 |
---------------+-------------+-----
Fighting       | 1 3 |  3.8
Dodging        | 3 |  3.7
Spellcasting   | 4 |  4.5
Stealth        | |  1.5

Action                     |  1- 3 |  4- 6 || total
---------------------------+-------+-------++-------
  Melee: Unarmed           |       |     8 ||     8
   Cast: Magic Dart        |    20 |       ||    20
         Searing Ray       |    20 |    38 ||    58
         Iskenderun's Myst |       |     2 ||     2
         Fulminant Prism   |       |     2 ||     2
  Evoke: Wand              |       |     2 ||     2
    Use: Scroll            |     7 |     5 ||    12
         Potion            |       |     2 ||     2
 Armour: Leather armour    |     4 |    13 ||    17
         Skin              |       |    14 ||    14
  Dodge: Dodged            |     8 |    33 ||    41

Table legend: (Time is in decaauts)
 A = Elapsed time spent in this place.
 B = Non-inter-level travel time spent in this place.
 C = Inter-level travel time spent in this place.
 D = Time resting spent in this place.
 E = Time spent auto-exploring this place.
 F = Levels seen in this place.
 G = Mean time per level.
                   A        B        C        D        E       F      G
               +--------+--------+--------+--------+--------+-----+--------+
         Total |   3101 |   2922 |    179 |     30 |   2470 |   4 |  775.2 |
       Dungeon |   3101 |   2922 |    179 |     30 |   2470 |   4 |  775.2 |
               +--------+--------+--------+--------+--------+-----+--------+

Top non-repeatable levels by time:
     D:2: 1105 daAuts
     D:3: 1042 daAuts
     D:1: 752 daAuts
     D:4: 201 daAuts
